Map: [EWC] Alcyone

Players

ShoWTimE

  • Race: Protoss Protoss
  • Spawn Location: 7:00

GuMiho - Winner!

  • Race: Terran Terran
  • Spawn Location: 1:00

Event: Esports World Cup 2024

VOD

Have the link to the VOD?

Description

Time

  • Played on: Aug. 17, 2024, 8:02 a.m.
  • Length: 32:27

All games in this series

Show
View Real Time Build Order
Export as new Build Order

ShoWTimE Protoss 

Build Orders: 1 Gate Expand, Blink Stalkers 

Get SALT Encoding   

  12  0:00  Probe  
  13  0:12  Probe  
  14  0:17  Pylon  
  14  0:24  Probe (Chrono Boost)  
  15  0:35  Gateway  
  15  0:36  Probe (Chrono Boost)  
  16  0:45  Assimilator, Probe (Chrono Boost)  
  17  0:50  Probe  
  18  1:03  Probe  
  19  1:15  Probe  
  20  1:21  Cybernetics Core  
  20  1:30  Nexus  
  20  1:32  Probe  
  20  1:39  Pylon  
  21  1:45  Probe  
  22  1:47  Assimilator  
  22  1:55  Adept (Chrono Boost)  
  22  1:57  Probe  
  22  2:00  Warp Gate  
  25  2:09  Probe  
  25  2:15  Adept (Chrono Boost)  
  26  2:21  Probe  
  29  2:22  Twilight Council  
  29  2:34  Probe (Chrono Boost)  
  30  2:41  Stalker  
  30  2:42  Probe (Chrono Boost)  
  35  2:51  Probe (Chrono Boost)  
  35  2:52  Probe (Chrono Boost)  
  35  2:57  Probe (Chrono Boost)  
  35  2:58  Probe (Chrono Boost)  
  36  3:02  Gateway, Blink (Chrono Boost)  
  37  3:08  Probe  
  37  3:09  Probe  
  39  3:20  Probe  
  39  3:21  Robotics Facility, Probe  
  41  3:29  Gateway  
  41  3:32  Probe  
  41  3:33  Probe  
  43  3:36  Pylon  
  43  3:42  Assimilator  
  43  3:45  Probe  
  43  3:46  Probe  
  45  3:54  Stalker  
  47  3:56  Stalker  
  47  3:58  Probe, Pylon  
  47  3:59  Probe  
  51  4:06  Warp Prism (Chrono Boost)  
  53  4:20  Pylon  
  53  4:23  Stalker x3  
  59  4:32  Probe  
  59  4:37  Observer  
  61  4:40  Pylon  
  61  4:43  Nexus  
  61  4:56  Stalker x3  
  61  4:58  Probe x2  
  69  5:01  Observer  
  69  5:04  Pylon  
  70  5:10  Probe x2  
  70  5:22  Probe x2  
  70  5:24  Stalker x3  
  78  5:34  Probe x2 (Chrono Boost)  
  78  5:35  Robotics Bay  
  78  5:37  Forge  
  78  5:44  Charge  
  78  5:46  Probe x2 (Chrono Boost)  
  78  5:47  Observer  
  80  5:55  Probe x2 (Chrono Boost), Pylon  
  83  5:58  Probe (Chrono Boost)  
  83  6:00  Probe (Chrono Boost)  
  83  6:01  Probe (Chrono Boost)  
  83  6:02  Sentry  
  83  6:04  Shield Battery  
  87  6:08  Probe (Chrono Boost)  
  87  6:10  Gateway  
  87  6:11  Gateway  
  88  6:14  Assimilator, Protoss Ground Weapons Level 1 (Chrono Boost)  
  91  6:18  Probe (Chrono Boost)  
  91  6:19  Probe (Chrono Boost)  
  91  6:20  Probe (Chrono Boost), Colossus (Chrono Boost)  
  98  6:25  Probe x2 (Chrono Boost)  
  98  6:35  Zealot x2, Probe  
  101  6:45  Gateway  
  101  6:46  Gateway, Probe x2  
  103  6:47  Gateway  
  103  6:49  Zealot, Pylon  
  103  6:50  Extended Thermal Lance  
  103  6:53  Pylon  
  105  6:59  Pylon  
  105  7:03  Colossus (Chrono Boost)  
  105  7:06  Shield Battery, Observer  
  109  7:11  Zealot  
  109  7:12  Zealot x4  
  117  7:20  Pylon  
  117  7:21  Nexus  
  117  7:27  Pylon  
  117  7:29  Shield Battery  
  117  7:33  Probe  
  117  7:34  Probe x2  
  120  7:40  Zealot x2  
  120  7:41  Zealot x2  
  120  7:43  Shield Battery  
  128  7:45  Sentry x2, Probe  
  128  7:46  Probe  
  128  7:50  Colossus  
  140  7:54  Pylon, Probe  
  140  7:58  Probe x2  
  143  8:01  Forge  
  143  8:06  Probe  
  143  8:11  Protoss Ground Weapons Level 2 (Chrono Boost)  
  144  8:18  Robotics Facility  
  144  8:19  Pylon  
  142  8:22  Zealot x7  
  142  8:25  Probe  
  157  8:29  Pylon  
  157  8:33  Probe  
  158  8:37  Nexus, Protoss Ground Armor Level 1 (Chrono Boost)  
  158  8:41  Pylon  
  158  8:43  Pylon  
  158  8:46  Disruptor (Chrono Boost)  
  162  8:53  Stalker x2  
  166  8:59  Observer  
  166  9:07  Zealot x4  
  166  9:08  Zealot  
  168  9:14  Disruptor (Chrono Boost)  
  168  9:15  Photon Cannon  
  168  9:16  Disruptor (Chrono Boost)  
  176  9:18  Pylon  
  176  9:24  Observer, Photon Cannon  
  176  9:28  Shield Battery  
  176  9:30  Stalker x2  
  174  9:39  Zealot x3  
  174  9:44  Zealot x2  
  182  9:47  Disruptor (Chrono Boost)  
  182  9:49  Disruptor (Chrono Boost)  
  188  9:58  Gateway  
  188  10:00  Gateway  
  188  10:01  Zealot x4  
  196  10:10  Zealot x2  
  198  10:14  Protoss Ground Weapons Level 3 (Chrono Boost)  
  198  10:21  Zealot x2  
  198  10:23  Gateway  
  198  10:25  Gateway  
  198  10:26  Gateway  
  194  10:36  Protoss Ground Armor Level 2 (Chrono Boost)  
  194  10:41  Gateway  
  194  10:43  Nexus  
  194  10:44  Pylon  
  194  10:49  Gateway  
  172  10:50  Zealot x4  
  172  10:51  Zealot x2  
  172  10:52  Pylon  
  172  10:56  Zealot x2  
  180  11:02  Warp Prism, Gravitic Drive  
  181  11:05  Stalker x2  
  185  11:14  Nexus  
  185  11:15  Zealot x4  
  185  11:16  Observer  
  193  11:19  Pylon  
  193  11:22  Gateway  
  193  11:23  Zealot x3  
  185  11:31  Zealot x2  
  185  11:34  Pylon  
  185  11:44  Zealot x4, Pylon  
  193  11:50  Shield Battery  
  193  11:52  Pylon, Photon Cannon  
  193  11:54  Pylon  
  191  12:01  Zealot x2  
  191  12:02  Zealot x2  
  199  12:21  Gateway  
  199  12:27  Protoss Shields Level 1 (Chrono Boost)  
  199  12:29  Pylon  
  199  12:35  Zealot x4  
  195  12:38  Zealot x4  
  195  12:39  Zealot  
  195  12:40  Zealot x3  
  176  12:47  Zealot x3  
  168  12:58  Stalker x3  
  168  12:59  Stalker x6  
  168  13:03  Pylon  
  168  13:04  Zealot x3  
  190  13:09  Zealot x2  
  190  13:20  Zealot  
  180  13:30  Zealot x3  
  180  13:31  Zealot x2  
  188  13:38  Stalker x4  
  196  13:44  Nexus  
  196  13:45  Stalker  
  196  13:46  Stalker  
  198  14:12  Pylon  
  198  14:13  Probe x2  
  188  14:29  Zealot x7  
  200  14:35  Warp Prism (Chrono Boost)  
  200  14:44  Stalker  
  194  14:58  Zealot x4  
  194  14:59  Zealot x5  
  200  15:01  Nexus  
  200  15:03  Pylon  
  193  15:17  Stalker x3  
  187  15:32  Zealot x5  
  187  15:33  Nexus  
  181  15:41  Zealot x5  
  174  16:02  Gateway  
  174  16:05  Cybernetics Core  
  174  16:07  Pylon  
  173  16:17  Pylon  
  169  16:22  Pylon  
  168  16:50  Pylon  
  168  16:57  Pylon  
  166  17:02  Shield Battery  
  166  17:06  Pylon  
  166  17:07  Pylon  
  166  17:09  Observer  
  166  17:10  Pylon  
  166  17:12  Pylon  
  166  17:14  Pylon  
  163  17:16  Pylon  
  163  17:17  Pylon  
  163  17:19  Pylon  
  163  17:21  Gateway  
  163  17:22  Pylon  
  163  17:23  Gateway, Pylon  
  163  17:25  Pylon  
  163  17:37  Probe (Chrono Boost)  
  158  17:47  Probe (Chrono Boost)  
  158  17:48  Zealot  
  161  17:52  Probe (Chrono Boost)  
  162  18:03  Probe  
  155  18:09  Gateway  
  155  18:12  Cybernetics Core  
  148  18:29  Zealot x2  
  152  18:40  Pylon  
  146  19:24  Nexus  
  146  19:26  Pylon  
  139  20:27  Nexus  
  139  20:33  Observer  
  125  20:55  Pylon  
  103  21:12  Pylon  
  98  21:42  Nexus  
  98  21:44  Pylon  
  93  22:31  Nexus  
  93  22:32  Pylon  
  93  22:35  Pylon  
  89  23:40  Nexus  
  89  23:42  Pylon  
  73  24:14  Observer  
  68  24:27  Assimilator  
  68  24:30  Nexus  
  68  24:55  Pylon  
  67  25:16  Nexus  
  49  25:31  Gateway x2  
  47  26:03  Pylon  
  47  26:05  Pylon  
  47  26:10  Observer  
  47  26:20  Cybernetics Core  
  47  26:23  Pylon  
  32  26:47  Probe (Chrono Boost)  
  34  26:56  Probe (Chrono Boost)  
  34  26:57  Probe (Chrono Boost)  
  35  27:03  Probe (Chrono Boost)  
  35  27:07  Probe (Chrono Boost)  
  37  27:12  Probe (Chrono Boost)  
  37  27:15  Probe (Chrono Boost)  
  39  27:17  Probe  
  39  27:21  Stalker  
  42  27:33  Zealot  
  42  27:35  Probe  
  42  27:36  Probe  
  46  27:44  Sentry, Probe  
  46  27:48  Probe  
  50  27:52  Probe  
  50  27:54  Sentry  
  53  28:00  Probe  
  53  28:02  Probe  
  55  28:06  Sentry  
  55  28:10  Shield Battery  
  55  28:12  Probe  
  58  28:14  Probe  
  58  28:17  Zealot  
  45  28:35  Stalker  
  27  28:50  Stalker  
  27  28:57  Stalker  
  29  29:03  Shield Battery  
  29  29:08  Stalker  
  32  29:10  Probe  
  32  29:13  Stalker  
  34  29:21  Pylon  
  33  29:29  Nexus  
Show
View Real Time Build Order
Export as new Build Order

GuMiho Terran - Winner!

Build Orders:  

Get SALT Encoding   

  12  0:00  SCV  
  13  0:12  SCV  
  14  0:17  Supply Depot  
  14  0:24  SCV  
  15  0:38  SCV  
  15  0:39  Barracks  
  16  0:50  SCV  
  17  1:02  SCV  
  17  1:04  Refinery  
  18  1:14  SCV  
  19  1:26  Marine  
  19  1:27  Orbital Command  
  20  1:35  Command Center  
  20  1:43  Supply Depot  
  20  1:46  Reaper  
  21  1:52  SCV  
  22  1:56  Bunker  
  22  2:04  SCV  
  23  2:09  Barracks  
  23  2:16  SCV  
  23  2:19  Barracks Reactor  
  24  2:29  SCV  
  25  2:39  Command Center  
  25  2:42  SCV  
  26  2:49  Orbital Command  
  26  2:54  SCV  
  26  2:56  Marine  
  26  2:57  Marine  
  29  2:59  Barracks Tech Lab  
  29  3:06  SCV  
  30  3:14  Marine x2  
  30  3:16  SCV  
  30  3:18  SCV  
  30  3:19  Marine  
  35  3:20  Stimpack  
  35  3:28  SCV  
  35  3:30  SCV  
  35  3:32  Marine x2  
  39  3:36  Marine  
  39  3:41  SCV  
  41  3:42  SCV  
  41  3:48  Engineering Bay  
  42  3:50  Marine x2  
  42  3:53  Orbital Command  
  42  3:54  SCV x2, Marine  
  47  3:58  Refinery  
  47  4:00  Supply Depot  
  47  4:06  SCV x2  
  47  4:08  Marine x2  
  51  4:12  Marine  
  51  4:14  Barracks  
  51  4:15  Terran Infantry Weapons Level 1  
  52  4:18  SCV x2  
  52  4:20  SCV  
  55  4:25  Factory  
  55  4:27  Marine  
  55  4:29  Marine  
  55  4:30  Supply Depot, Marauder  
  59  4:33  SCV x2  
  59  4:35  SCV  
  62  4:39  Refinery  
  62  4:42  Refinery  
  62  4:43  Missile Turret  
  62  4:46  SCV  
  62  4:47  SCV x2  
  62  4:48  Marine  
  62  4:49  Marine  
  66  4:54  Bunker  
  66  4:56  Marauder, Bunker  
  68  5:01  Combat Shield  
  68  5:03  Barracks Tech Lab  
  68  5:04  SCV x2  
  68  5:06  Marine  
  71  5:07  Marine  
  71  5:10  Starport  
  71  5:13  Factory Reactor  
  71  5:20  Marauder  
  70  5:22  SCV  
  70  5:23  SCV x2  
  70  5:24  Marine  
  70  5:25  Marine  
  73  5:32  Marauder  
  73  5:35  SCV x3  
  77  5:38  Supply Depot  
  77  5:43  Concussive Shells  
  77  5:45  Marauder  
  79  5:51  Barracks  
  79  5:53  Marauder  
  79  5:54  Barracks  
  79  5:57  SCV x3  
  82  6:00  Factory Reactor  
  82  6:02  Medivac  
  82  6:03  Missile Turret, Medivac  
  86  6:05  Marine  
  86  6:06  Marine  
  86  6:09  Marauder  
  90  6:12  Terran Infantry Armor Level 1  
  90  6:13  SCV x2  
  90  6:18  Supply Depot  
  92  6:20  Supply Depot  
  92  6:21  Supply Depot  
  92  6:23  Orbital Command  
  92  6:31  Marauder x2  
  92  6:33  Medivac  
  92  6:38  Medivac  
  92  6:39  Refinery  
  94  6:42  Barracks Tech Lab, Marine x2  
  94  6:44  SCV x2  
  98  6:48  Supply Depot  
  98  6:50  SCV  
  98  6:52  Marauder  
  101  6:56  SCV x2, Barracks x2  
  101  6:58  Barracks  
  101  6:59  Supply Depot  
  101  7:02  SCV  
  101  7:03  Medivac  
  101  7:04  Marine  
  101  7:05  Marauder  
  107  7:09  Marine  
  107  7:11  Marine  
  107  7:12  SCV x2  
  112  7:18  SCV  
  112  7:21  Marauder  
  112  7:22  Marine  
  114  7:23  Barracks Reactor  
  114  7:24  SCV x2  
  114  7:26  Marauder  
  114  7:27  Supply Depot, Marine, Missile Turret  
  114  7:29  Supply Depot  
  119  7:32  SCV  
  119  7:36  SCV, Armory  
  119  7:37  SCV  
  122  7:44  Marauder x2  
  122  7:45  Barracks Tech Lab  
  122  7:46  Barracks Tech Lab, Barracks Reactor  
  122  7:47  SCV  
  122  7:49  SCV x2  
  122  7:50  Widow Mine x2  
  133  7:52  Refinery  
  133  7:54  Medivac  
  133  7:55  Marine  
  133  7:56  Marine  
  137  8:01  Supply Depot  
  137  8:02  Marine x2  
  137  8:03  Marauder  
  141  8:06  Marauder x2  
  141  8:10  Viking  
  141  8:12  SCV x2  
  148  8:16  SCV  
  149  8:20  Missile Turret  
  149  8:24  SCV, Marine, Marauder x2  
  149  8:25  Marine x3  
  158  8:34  Widow Mine x2  
  161  8:36  Medivac  
  161  8:39  SCV x3  
  161  8:40  Command Center  
  160  8:48  Terran Infantry Weapons Level 2  
  160  8:49  Marine x3  
  160  8:50  Marine x2  
  160  8:53  Refinery  
  165  8:57  Supply Depot  
  165  8:58  Supply Depot x2  
  165  9:06  Marine x2  
  165  9:15  Supply Depot  
  165  9:16  Supply Depot, Marine, Terran Ship Weapons Level 1  
  165  9:17  Marauder x3, Widow Mine x2  
  176  9:20  Starport  
  176  9:24  Marine x3, Marauder  
  177  9:25  Marine  
  180  9:35  Marauder  
  180  9:38  Marauder x3  
  188  9:39  Marine x2  
  188  9:41  Marine  
  188  9:42  Marine  
  188  9:45  Marine x2  
  194  9:46  Marauder  
  196  9:56  Marauder  
  196  9:57  Marine  
  196  9:59  Marauder x2  
  199  10:08  Planetary Fortress  
  199  10:09  Command Center  
  199  10:11  Starport Reactor  
  199  10:12  Fusion Core  
  197  10:15  Engineering Bay  
  200  10:32  Liberator  
  200  10:33  Liberator  
  189  10:42  Refinery  
  189  10:43  Refinery  
  189  10:45  Terran Infantry Armor Level 2, Sensor Tower  
  171  10:52  Liberator x2  
  177  11:00  Advanced Ballistics  
  177  11:08  Marine x10, Command Center  
  177  11:11  Marine  
  187  11:17  Terran Infantry Weapons Level 3  
  187  11:24  Terran Ship Weapons Level 2  
  184  11:25  Marine  
  184  11:28  Orbital Command  
  185  11:36  Liberator x2, Command Center  
  191  11:48  Missile Turret  
  190  12:06  Marauder x3  
  190  12:07  Marauder  
  198  12:09  Marauder  
  198  12:10  Unknown  
  198  12:12  Caduceus Reactor  
  200  12:19  Planetary Fortress  
  200  12:31  Command Center  
  166  12:44  Marauder  
  166  12:46  Marine x7, Marauder x3  
  166  12:48  Liberator x2  
  172  12:53  Liberator x2  
  174  13:03  Terran Infantry Armor Level 3  
  174  13:04  Marine x5  
  174  13:05  Missile Turret, Marauder x2  
  183  13:07  Marauder  
  183  13:08  Marine, Marauder x2  
  185  13:21  Marine  
  185  13:26  Marauder  
  188  13:27  Marine x2, Marauder  
  188  13:29  Marauder  
  188  13:31  Liberator  
  188  13:33  Liberator  
  200  13:38  Missile Turret  
  200  13:41  Terran Vehicle And Ship Armor Level 1  
  200  13:44  Orbital Command  
  188  14:00  Liberator x2  
  198  14:10  Marauder x3  
  195  14:27  Marauder x2  
  195  14:30  Marine x3  
  198  14:31  Marauder x3  
  198  14:32  Marine x3  
  198  14:36  Liberator  
  198  14:47  Liberator  
  198  14:48  Liberator, Marine  
  198  14:49  Marauder  
  200  14:53  Marauder x3  
  176  15:09  Orbital Command  
  160  15:15  Orbital Command  
  155  15:21  Liberator x2  
  158  15:30  Liberator x2  
  163  16:07  Medivac  
  165  16:39  Medivac  
  167  16:53  Marauder  
  166  17:17  Orbital Command  
  159  18:05  Marine x2  
  157  18:29  Marauder x3  
  136  19:32  Marine  
  136  19:33  Marauder x2  
  86  20:52  Orbital Command  
  81  21:01  Orbital Command  
  77  21:35  Orbital Command  
  77  22:19  Marauder  
  76  22:41  Marauder  
  30  25:30  Orbital Command  
  30  25:36  Orbital Command  
  30  25:43  Orbital Command  
  30  26:09  SCV x2  
  32  26:19  SCV  
  33  26:29  SCV  
  34  26:33  Barracks Tech Lab  
  32  26:42  SCV  
  32  26:43  SCV  
  32  26:46  SCV  
  35  26:56  Marauder  
  35  27:00  SCV  
  38  27:08  SCV x2  
  40  27:19  Marauder  
  42  27:26  SCV  
  43  27:31  SCV  
  43  27:33  SCV  
  45  27:41  Marauder  
  47  27:44  SCV  
  47  27:47  SCV  
  49  27:52  SCV  
  50  28:02  Marauder  
  50  28:03  SCV  
  53  28:19  SCV  
  32  28:54  Marauder  
  32  29:21  Marauder  
  36  29:51  Orbital Command  
  20  31:09  Orbital Command  
  20  31:11  SCV  
  20  31:12  Barracks  
  18  31:39  SCV x2  
Tags
 
Add a new tag
Caveats
  • Supply blocks, unpowered buildings, or Contaminate may cause inaccurate times.
  • Supply counts are checked every 10 seconds.